 Dungeon Sprint DCSS version 0.29-a0-1006-g0dd7720b37 (webtiles) character file.

Game seed: 2189296796994404603

155 Hubris850 the Basher (level 5, -4/32 HPs)
             Began as a Gargoyle Monk on Aug 6, 2022.
             Slain by a fire elemental (11 damage)
             ... summoned by a deep elf pyromancer
             ... in the Dungeon (Sprint III: "The Ten Rune Challenge").
             The game lasted 00:02:39 (788 turns).

Hubris850 the Basher (Gargoyle Monk)                 Turns: 788, Time: 00:02:39

Health: -4/32      AC:  7    Str: 16    XL:     5   Next: 37%
Magic:  5/5        EV: 12    Int: 11    God:
Gold:   23         SH:  0    Dex: 12    Spells: 4/4 levels left

rFire   . . .      SeeInvis +   h - +2 quarterstaff (chaos)
rCold   . . .      Faith    .   (shield currently unavailable)
rNeg    + . .      Spirit   .   b - +0 robe
rPois   ∞          Reflect  .   (no helmet)
rElec   +          Harm     .   k - +0 cloak
rCorr   .          Rampage  .   (no gloves)
Will    .....      NoTele   +   (no boots)
Stlth   ++........              (no amulet)
HPRegen 0.10/turn               j - ring of see invisible
MPRegen 0.09/turn               (no ring)

@: no status effects
A: sickness immunity, AC +4, negative energy resistance 1, electricity
resistance, torment resistance 1, petrification resistance
a: no special abilities


You were in the Dungeon.
You visited 1 branch You collected 23 gold pieces.

Inventory:

Hand Weapons
 a - a +0 mace
 h - a +2 quarterstaff of chaos (weapon)
Armour
 b - a +0 robe (worn)
 k - a +0 cloak (worn)
Jewellery
 j - a ring of see invisible (left hand)
Scrolls
 i - a scroll of blinking
 l - a scroll of immolation
 o - a scroll of torment {unknown}
Potions
 c - a potion of ambrosia
 d - a potion of curing
 g - 2 potions of magic
 n - 2 potions of flight
 p - 6 potions of mutation


   Skills:
 - Level 3.2 Fighting
 + Level 10.8 Maces & Flails
 - Level 2.4 Dodging
 - Level 2.1 Stealth


You had 4 spell levels left.
You didn't know any spells.
Your spell library contained the following spells:

 Spells                   Type           Power      Damage    Failure   Level
 Beastly Appendage        Tmut           0%         N/A       34%         1
 Wereblood                Tmut           0%         N/A       47%         2
 Gell's Gravitas          Tloc           0%         N/A       71%         3
 Lesser Beckoning         Tloc           0%         N/A       71%         3
 Spider Form              Tmut/Pois      0%         N/A       71%         3
 Teleport Other           Tloc           0%         N/A       71%         3


Dungeon Overview and Level Annotations

Branches:
Dungeon (1/1)

Altars:
Elyvilon
Kikubaaqudgha
Sif Muna
Vehumet
Zin
The Shining One


Innate Abilities, Weirdness & Mutations

You are immune to sickness and miasma.
Your stone body is resilient. (AC +4)
You are immune to poison.
You resist negative energy. (rN+)
You are resistant to electric shocks. (rElec)
You are resistant to unholy torment.
You are immune to petrification.


Message History

You closely miss the deep elf pyromancer.
The deep elf pyromancer is lightly wounded.
The deep elf pyromancer hits you with a +1 long sword of holy wrath!
You hit the deep elf pyromancer. You freeze the deep elf pyromancer.
The deep elf pyromancer is moderately wounded.
The deep elf pyromancer casts a spell.
The deep elf pyromancer blinks!
The deep elf pyromancer casts a spell at you.
The bolt of fire hits you!
* * * LOW HITPOINT WARNING * * *
You see here a potion of heal wounds.
You feel much better.
The deep elf pyromancer points at you and mumbles some strange words.
The sticky flame hits you!
You are covered in liquid flames!
e - a potion of heal wounds You are covered in liquid flames!
You are covered in liquid flames!
* * * LOW HITPOINT WARNING * * *
You feel much better.
You are covered in liquid flames!
The deep elf pyromancer casts a spell.
You barely miss the deep elf pyromancer.
The deep elf pyromancer is moderately wounded.
You are covered in liquid flames!
The deep elf pyromancer hits you with a +1 long sword of holy wrath.
The fire elemental barely misses you.
You closely miss the deep elf pyromancer.
The deep elf pyromancer is moderately wounded.
The deep elf pyromancer hits you with a +1 long sword of holy wrath.
The fire elemental closely misses you.
You miss the deep elf pyromancer.
The deep elf pyromancer is moderately wounded.
The fire elemental misses you.
The deep elf pyromancer hits you with a +1 long sword of holy wrath!
* * * LOW HITPOINT WARNING * * *
You barely miss the deep elf pyromancer.
The deep elf pyromancer is moderately wounded.
The fire elemental hits you. The fire elemental burns you!
You die...

▓▓▓▓▓▓▓▓▓ ▓▓▓ ..'...♣.♣
♣.##### ..#.....♣♣
♣.#_E_# ###....♣.♣
♣.#.@.#
..#....~♣♣♣♣♣.###e#+###+#
..#...~~♣♣....#.○E.......
..#..~~~~.....'.○........
#'#..~≈≈~~~♣..#...######+
††#†~~≈~~~....#)⌠.#
..#.~≈~~~.....#...#
..#.~~~.......#'###
###....†......#)..#


You could see a deep elf pyromancer and 2 fire elementals.

Vanquished Creatures
  A water elemental (D)
  Crazy Yiuf (D)
  A wizard (D)
  A human (D)
  A kobold demonologist (D)
  An endoplasm (D)
  3 rats (D)
9 creatures vanquished.

Notes
Turn   | Place    | Note
-------+----------+-------------------------------------------
     0 | D        | Hubris850 the Gargoyle Monk began the quest for the Orb.
     0 | D        | Reached XP level 1. HP: 14/14 MP: 1/1
   258 | D        | Reached skill level 4 in Maces & Flails
   384 | D        | Noticed Crazy Yiuf
   393 | D        | Killed Crazy Yiuf
   394 | D        | Reached skill level 6 in Maces & Flails
   394 | D        | Reached XP level 2. HP: 19/19 MP: 2/2
   394 | D        | Reached XP level 3. HP: 23/23 MP: 3/3
   478 | D        | Reached skill level 7 in Maces & Flails
   525 | D        | Noticed a water elemental
   534 | D        | Killed a water elemental
   535 | D        | Reached skill level 9 in Maces & Flails
   535 | D        | Reached XP level 4. HP: 15/28 MP: 4/4
   540 | D        | Found a radiant altar of Vehumet.
   540 | D        | Found a shimmering blue altar of Sif Muna.
   540 | D        | Found an ancient bone altar of Kikubaaqudgha.
   540 | D        | Noticed a wizard
   552 | D        | Reached skill level 10 in Maces & Flails
   552 | D        | Reached XP level 5. HP: 16/32 MP: 5/5
   774 | D        | Found a glowing silver altar of Zin.
   774 | D        | Found a glowing golden altar of the Shining One.
   774 | D        | Found a white marble altar of Elyvilon.
   775 | D        | Noticed a deep elf pyromancer
   785 | D        | Noticed a fire elemental
   785 | D        | Noticed a fire elemental
   788 | D        | Slain by a fire elemental

Illustrated notes

Levels and vault maps discovered:
D:        dungeon_sprint_mu [sprint_mu_entry_forest, sprint_mu_temple_rooms,
          sprint_mu_d1_spiders, sprint_mu_d2_genie, sprint_mu_d3_branching,
          sprint_mu_orc_legion, sprint_mu_elf_gauntlet, sprint_mu_hive_nellie,
          sprint_mu_lair_fedhas, sprint_mu_vaults_butterflies,
          sprint_mu_slime_circle, sprint_mu_shoals_archi,
          sprint_mu_snake_twists, sprint_mu_blade_basic,
          sprint_mu_crypt_chambers, sprint_mu_tomb_spiral,
          sprint_mu_vestibule_basic, sprint_mu_gehenna_hellfire,
          sprint_mu_dis_giant, sprint_mu_tartarus_statrot,
          sprint_mu_cocytus_islands, sprint_mu_zot1]

Skill      XL: |  1  2  3  4 |
---------------+-------------+-----
Maces & Flails | 6 9 10 | 10.8
Fighting       | |  3.2
Dodging        | |  2.4
Stealth        | |  2.1

Action                   |  1- 3 |  4- 6 || total
-------------------------+-------+-------++-------
Melee: Mace              |    18 |       ||    18
       Quarterstaff      |    16 |    18 ||    34
  Use: Potion            |     2 |     3 ||     5
       Scroll            |     2 |       ||     2
 Stab: Sleeping          |       |     1 ||     1
Armor: Robe              |    10 |     6 ||    16
Dodge: Dodged            |    16 |     7 ||    23

Table legend: (Time is in decaauts)
 A = Elapsed time spent in this place.
 B = Non-inter-level travel time spent in this place.
 C = Inter-level travel time spent in this place.
 D = Time resting spent in this place.
 E = Time spent auto-exploring this place.
 F = Levels seen in this place.
 G = Mean time per level.
                   A        B        C        D        E       F      G
               +--------+--------+--------+--------+--------+-----+--------+
         Total |    780 |    780 |      0 |    595 |      0 |   1 |  780.0 |
       Dungeon |    780 |    780 |      0 |    595 |      0 |   1 |  780.0 |
               +--------+--------+--------+--------+--------+-----+--------+

Top non-repeatable levels by time:
       D: 780 daAuts
